 Dungeon Crawl Stone Soup version v3.33-hellcrawl-189-gd9da4bb (webtiles) character file.

155 Amnesiac the Magician (level 6, 0/28 HPs)
             Began as a Spriggan Air Elementalist on Oct 15, 2017.
             Was a Believer of Dithmenos.
             Slain by an ogre
             ... wielding a +0 giant club
              (28 damage)
             ... on level 4 of the Dungeon.
             The game lasted 00:06:30 (3033 turns).

Amnesiac the Magician (Spriggan Air Elementalist)   Turns: 3033, Time: 00:06:31

Health: 0/28       AC:  3 (0%)Str:  4   XL:     6   Next: 57%
Magic:  11/13      EV: 18    Int: 18    God:    Dithmenos [2*[60]]
Gold:   324        SH:  0    Dex: 17    Spells: 1/16 levels left

rFire    . . .     SeeInvis +   b - +0 dagger
rCold    . . .     Faith    .   (shield restricted)
rNeg     . . .     Spirit   .   a - +0 robe
rPois    .         Reflect  .   (helmet restricted)
rElec    .                      m - +0 cloak
rCorr    .                      (gloves unavailable)
MR       +....                  (boots unavailable)
Stlth    +++.......             (no amulet)
Regen    0.1/turn               (no ring)
MPRegen  0.2/turn               (no ring)

@: wreathed by umbra, repel missiles, very quick
A: unfitting armour, see invisible, speed 2
a: Stop Repelling Missiles, Shadow Step, Renounce Religion


You were on level 4 of the Dungeon.
You worshipped Dithmenos.
Dithmenos was pleased with you.
You were not hungry.

You visited 1 branch of the dungeon, and saw 4 of its levels.

You collected 324 gold pieces.

Inventory:

Hand Weapons
 b - a +0 dagger (weapon)
Missiles
 f - 93 poisoned darts
 l - 77 poisoned tomahawks (quivered)
 o - 14 curare darts
Armour
 a - a +0 robe (worn)
 g - a +0 buckler
 m - a +0 cloak (worn)
Wands
 n - a wand of flame (22)
Scrolls
 d - 2 scrolls of teleportation {!r}
 e - a scroll of enchant weapon {!r}
 h - a scroll of enchant armour {!r}
 i - a scroll of magic mapping {!r}
 j - a scroll of amnesia {!r}
 q - 2 scrolls of fear {!r}
Potions
 c - 5 potions of curing {!q}
 k - a potion of mutation {!q}
 p - a potion of haste {!q}


   Skills:
 - Level 3.0 Dodging
 - Level 3.0 Stealth
 + Level 5.8 Spellcasting
 - Level 5.5 Air Magic


You had one spell level left.
You knew the following spells:

 Your Spells              Type           Power        Failure   Level  Hunger
a - Magic Dart            Air            25 (25)      1%          1    None
b - Repel Missiles        Chrm/Air       15 (100)     6%          2    None
c - Static Discharge      Air            25 (100)     3%          3    ##.....
d - Ozocubu's Armour      Chrm/Ice       5 (100)      77%         4    ####...
s - Fulminant Prism       Air            25 (200)     34%         5    #####..


Dungeon Overview and Level Annotations

Branches:
Dungeon (4/15)

Altars:
Dithmenos
Gozag
Kikubaaqudgha
Nemelex Xobeh
Trog
Yredelemnul
The Shining One


Innate Abilities, Weirdness & Mutations

You are tiny and cannot use many weapons and most armour.
You have supernaturally acute eyesight. (SInv)
You cover ground very quickly.


Message History

Casting: Magic Dart
Confirm with . or Enter, or press ? or * to list all spells.
You can't see any susceptible monsters within range! (Use Z to cast anyway.)
Casting: Magic Dart
Confirm with . or Enter, or press ? or * to list all spells.
You can't see any susceptible monsters within range! (Use Z to cast anyway.)
Casting: Magic Dart
Confirm with . or Enter, or press ? or * to list all spells.
You can't see any susceptible monsters within range! (Use Z to cast anyway.)
Found a stone staircase leading down.
An orc comes into view. It is wielding a +0 flail.
An orc is nearby!
Okay, then.
Casting: Magic Dart
Confirm with . or Enter, or press ? or * to list all spells.
Aiming: Magic Dart
Press: ? - help, Shift-Dir - straight line, f - orc
Aim: an orc, wielding a +0 flail (resting)
The magic dart hits the orc (9).
You kill the orc!
Dithmenos accepts your kill.
Casting: Magic Dart
Confirm with . or Enter, or press ? or * to list all spells.
You can't see any susceptible monsters within range! (Use Z to cast anyway.)
Casting: Magic Dart
Confirm with . or Enter, or press ? or * to list all spells.
You can't see any susceptible monsters within range! (Use Z to cast anyway.)
Casting: Magic Dart
Confirm with . or Enter, or press ? or * to list all spells.
You can't see any susceptible monsters within range! (Use Z to cast anyway.)
Casting: Magic Dart
Confirm with . or Enter, or press ? or * to list all spells.
You can't see any susceptible monsters within range! (Use Z to cast anyway.)
You now have 309 gold pieces (gained 14).
You now have 324 gold pieces (gained 15).
q - 2 scrolls of fear {!r} (gained 1)
An ogre comes into view. It is wielding a +0 giant club.
The ogre shouts!
An ogre is nearby!
An ogre is nearby!
Casting: Magic Dart
Confirm with . or Enter, or press ? or * to list all spells.
Aiming: Magic Dart
Press: ? - help, Shift-Dir - straight line, f - ogre
Aim: an ogre, wielding a +0 giant club (umbra)
The magic dart hits the ogre (4).
The ogre is lightly wounded.
Casting: Magic Dart
Confirm with . or Enter, or press ? or * to list all spells.
Aiming: Magic Dart
Press: ? - help, Shift-Dir - straight line, f/p - ogre
Aim: an ogre, wielding a +0 giant club (lightly wounded, umbra)
The magic dart hits the ogre (7).
The ogre is heavily wounded.
Casting: Magic Dart
Confirm with . or Enter, or press ? or * to list all spells.
Aiming: Magic Dart
Press: ? - help, Shift-Dir - straight line, f/p - ogre
Aim: an ogre, wielding a +0 giant club (heavily wounded, umbra)
The magic dart hits the ogre (9).
The ogre is severely wounded.
The ogre hits you with a +0 giant club (28)!!
Ouch! That really hurt!
You die...

.###.###### #.###...#
.....# #)###...# ##.###
#)##.....# #.#
#######....###..## #.#
#..........# ...## #.#
#.########.###..... #.#
##.## #.......# #.#
##...########.###.#
#.####..#......@O......#
#......###..############
#.####..#..## #.#
##...## #.######.#######
#.##...........#
#.##.#.#######.#
#......# #.# ##.#...#
#.#


You could see an ogre.

Vanquished Creatures
  A scorpion (D:3)
  A howler monkey (D:3)
  2 orc wizards (D:3)
  Crazy Yiuf (D:2)
  An orc priest (D:4)
  2 worker ants
  6 adders
  An ooze (D:2)
  A dart slug (D:1)
  11 orcs
  4 quokkas
  A ball python (D:1)
  3 bats
  3 giant cockroaches
  11 goblins
  5 hobgoblins
  12 jackals
  2 frilled lizards
  16 kobolds
  7 rats
91 creatures vanquished.

Notes
Turn   | Place    | Note
-------+----------+-------------------------------------------
     0 | D:1      | Amnesiac the Spriggan Air Elementalist began the quest for the Orb.
     0 | D:1      | Reached XP level 1. HP: 9/9 MP: 5/5
   187 | D:1      | Reached XP level 2. HP: 13/13 MP: 4/7
   191 | D:1      | Learned a level 2 spell: Repel Missiles
   843 | D:1      | Found an ancient bone altar of Kikubaaqudgha.
   843 | D:1      | Found a bloodstained altar of Trog.
   843 | D:1      | Noticed an ogre
   843 | D:1      | Noticed an ogre
   843 | D:1      | Noticed an ogre
   848 | D:1      | Noticed an ogre
   997 | D:2      | Reached XP level 3. HP: 16/16 MP: 1/6
  1022 | D:2      | Learned a level 3 spell: Static Discharge
  1178 | D:2      | Found a shadowy altar of Dithmenos.
  1224 | D:2      | Became a worshipper of Dithmenos the Shadowed
  1244 | D:2      | Found a sparkling altar of Nemelex Xobeh.
  1392 | D:2      | Found a runed door.
  1480 | D:2      | Reached XP level 4. HP: 21/21 MP: 2/8
  1684 | D:2      | Found a bloodstained altar of Trog.
  1689 | D:2      | Found a faded altar of an unknown god.
  1769 | D:2      | Noticed Crazy Yiuf
  1817 | D:2      | Killed Crazy Yiuf
  1914 | D:2      | Learned a level 4 spell: Ozocubu's Armour
  2077 | D:3      | Reached * piety under Dithmenos
  2111 | D:3      | Reached XP level 5. HP: 23/24 MP: 0/10
  2126 | D:3      | Found a basalt altar of Yredelemnul.
  2133 | D:3      | Reached skill level 5 in Air Magic
  2267 | D:3      | Reached XP level 6. HP: 26/28 MP: 8/11
  2365 | D:3      | Found a glowing golden altar of the Shining One.
  2605 | D:3      | Reached ** piety under Dithmenos
  2605 | D:3      | Reached skill level 5 in Spellcasting
  2612 | D:3      | Learned a level 5 spell: Fulminant Prism
  2770 | D:4      | Found an opulent altar of Gozag.
  3033 | D:4      | Slain by an ogre

Skill      XL: |  1  2  3  4  5  6 |
---------------+-------------------+-----
Spellcasting   | 3 4 5 |  5.8
Air Magic      | 3 4 5 |  5.5
Dodging        | |  3.0
Stealth        | |  3.0

Action                   |  1- 3 |  4- 6 || total
-------------------------+-------+-------++-------
Melee: Dagger            |    12 |    17 ||    29
 Cast: Magic Dart        |    81 |   117 ||   198
       Repel Missiles    |     1 |       ||     1
  Use: Potion            |       |     2 ||     2
 Stab: Sleeping          |       |     2 ||     2
Armor: Robe              |     1 |     3 ||     4
Dodge: Dodged            |    15 |    31 ||    46
       Deflected         |       |     1 ||     1
